 Dungeon Crawl Stone Soup version 0.19.4-8-ga85b6b9 (webtiles) character file.

48 HeyBub the Ducker (level 3, 0/43 HPs)
             Began as a Demonspawn Monk on Feb 12, 2017.
             Was a Follower of Okawaru.
             Slain by a hobgoblin
             ... wielding a +0 club
             ... led by Robin
              (3 damage)
             ... on level 2 of the Dungeon.
             The game lasted 00:01:50 (908 turns).

HeyBub the Ducker (Demonspawn Monk)                  Turns: 908, Time: 00:01:50

Health: 0/43       AC: 21    Str: 17    XL:     3   Next: 50%
Magic:  2/3        EV:  2    Int: 11    God:    Okawaru [*.....]
Gold:   66         SH:  0    Dex: 15    Spells: 0 memorised, 2 levels left

rFire  . . .     SeeInvis .       - Unarmed
rCold  . . .     Gourm    .     (armour currently unavailable)
rNeg   + + +     Faith    .     (no shield)
rPois  +         Spirit   .     (helmet currently unavailable)
rElec  .         Reflect  .     (cloak currently unavailable)
rCorr  .         Harm     .     (gloves currently unavailable)
MR     .....     NoTele   +     (boots currently unavailable)
Stlth  ++........               (no amulet)
                                (no ring)
                                (no ring)

@: mighty, tree-form
A: (yellow scales 0), (spiny 0)
a: Heroism, Renounce Religion


You were on level 2 of the Dungeon.
You worshipped Okawaru.
Okawaru was aware of your devotion.
You were not hungry.
You were a tree.
You visited 1 branch of the dungeon, and saw 2 of its levels.

You collected 66 gold pieces.

Inventory:

Armour
 a - a +0 robe (melded)
 g - a +1 helmet (melded)
Scrolls
 d - a scroll of blinking
 e - a scroll of identify {unknown}
 h - a scroll of fog {unknown}
 i - a scroll of immolation {unknown}
Potions
 f - a potion of brilliance {unknown}
 j - a potion of lignification
Comestibles
 b - a bread ration
 k - a royal jelly


   Skills:
 + Level 3.2 Fighting
 + Level 3.3 Dodging
 + Level 2.1 Stealth
 + Level 3.2 Unarmed Combat


You had 2 spell levels left.
You didn't know any spells.

Dungeon Overview and Level Annotations

Branches:
Dungeon (2/15)

Altars:
Okawaru

Annotations:
D:2 Robin


Innate Abilities, Weirdness & Mutations

((You are partially covered in yellow scales. (AC +2)))
((You are partially covered in sharp spines.))


Message History

The hobgoblin hits you but does no damage.
You hit Robin. You punch Robin.
Robin is almost dead.
Robin closely misses you. The hobgoblin hits you with a club!
* * * LOW HITPOINT WARNING * * *
You are too injured to fight recklessly!
You are too injured to fight recklessly!
It was a potion of cancellation.
You feel magically purged. The hobgoblin misses you.
Robin is struck by your spines. Robin closely misses you.
It was a potion of lignification.
You turn into a tree.
Your +1 helmet melds into your body.
Your +0 robe melds into your body.
Your roots penetrate the ground.
The hobgoblin barely misses you. The hobgoblin hits you with a club.
* * * LOW HITPOINT WARNING * * *
Robin hits you but does no damage.
It was a potion of might.
You feel very mighty all of a sudden. The hobgoblin hits you with a club.
You die...

#............#### #.#....
###..###........# #.#....
#.............# #.#....
#.#.♣.♣.#.....# #.#....
#.............###########.#####
#.♣.♣.♣.♣.................#
#...._........#############
#.♣.♣.♣.♣.†..†#g.....#
#.............♣gK....+
#.#.♣.♣.#.#####g.....#
#.........# #......#
#.#.#.##### #.?....# ...#...#
#......# ####.### #......#
#......# #......# #.g....#


You could see Robin, 2 hobgoblins and a kobold.

Vanquished Creatures
  An adder (D:2)
  3 leopard geckos
  3 bats (D:1)
  A giant cockroach (D:1)
  A hobgoblin (D:1)
  3 jackals (D:1)
  5 kobolds
  2 frilled lizards
  11 goblins
  2 rats
32 creatures vanquished.

Notes
Turn   | Place    | Note
-------+----------+-------------------------------------------
     0 | D:1      | HeyBub the Demonspawn Monk began the quest for the Orb.
     0 | D:1      | Reached XP level 1. HP: 18/18 MP: 1/1
   104 | D:1      | Gained mutation: You are partially covered in yellow scales. (AC +2) [demonic ancestry]
   104 | D:1      | Reached XP level 2. HP: 6/24 MP: 2/2
   764 | D:2      | Found an iron altar of Okawaru.
   777 | D:2      | Became a worshipper of Warmaster Okawaru
   777 | D:2      | Reached * piety under Okawaru
   777 | D:2      | Reached ** piety under Okawaru
   844 | D:2      | Found a faded altar of an unknown god.
   857 | D:2      | Gained mutation: You are partially covered in sharp spines. [demonic ancestry]
   857 | D:2      | Reached XP level 3. HP: 25/29 MP: 3/3
   886 | D:2      | Noticed Robin
   908 | D:2      | Slain by a hobgoblin

Skill      XL: |  1  2 |
---------------+-------+-----
Dodging        | 3 |  3.3
Unarmed Combat | 3 |  3.2
Stealth        | 2 |  2.1
Fighting       | |  3.2

Action                   || total
-------------------------++-------
Melee: Unarmed           ||    92
       Punch             ||     1
Invok: Heroism           ||     1
  Use: Scroll            ||     1
       Potion            ||     3
 Stab: Sleeping          ||     4
Armor: Robe              ||    32
       Skin              ||     1
Dodge: Dodged            ||    77
